[ AOE2 MATCH · #495411565 ]
UnrankedSpanish vs Cumans
[ REPLAY ANALYSIS · EXTRACTED FROM THE RECORDED GAME ]
Feudal
15:57
Castle
32:28
Imperial
53:14
| APM avg | 60.9 |
| APM peak | 101 |
| eAPM avg | 30.4 |
| Villagers / military | 135 / 263 |
Focus
⚔️ 38.5% · 🌾 61.5%
Conquistador ×134 · Spearman ×117 · Militia ×7 · Trebuchet (Packed) ×5
Feudal
13:16
Castle
35:19
Imperial
60:56
| APM avg | 26.1 |
| APM peak | 117 |
| eAPM avg | 11.5 |
| Villagers / military | 151 / 119 |
Focus
⚔️ 32.9% · 🌾 67.1%
Camel Scout ×89 · Skirmisher ×13 · Cavalry Archer ×6 · Scout Cavalry ×5 · Kipchak ×2 · Spearman ×2
Feudal
16:36
Castle
61:07
Imperial
—
| APM avg | 15.5 |
| APM peak | 49 |
| eAPM avg | 8.7 |
| Villagers / military | 88 / 9 |
Focus
⚔️ 9.8% · 🌾 90.2%
Militia ×8 · Knight ×1
Feudal
13:14
Castle
20:14
Imperial
31:59
| APM avg | 24.4 |
| APM peak | 69 |
| eAPM avg | 16.0 |
| Villagers / military | 158 / 285 |
Focus
⚔️ 46.6% · 🌾 53.4%
Spearman ×174 · Eagle Scout ×30 · Trebuchet (Packed) ×29 · Skirmisher ×22 · Plumed Archer ×21 · Archer ×7
Feudal
17:08
Castle
33:05
Imperial
51:24
| APM avg | 20.1 |
| APM peak | 49 |
| eAPM avg | 15.3 |
| Villagers / military | 216 / 213 |
Focus
⚔️ 31.1% · 🌾 68.9%
Knight ×81 · Skirmisher ×55 · Archer ×52 · Centurion ×16 · Trebuchet (Packed) ×5 · Battering Ram ×4
Feudal
12:54
Castle
17:20
Imperial
40:57
| APM avg | 18.2 |
| APM peak | 39 |
| eAPM avg | 13.8 |
| Villagers / military | 226 / 373 |
Focus
⚔️ 32.1% · 🌾 67.9%
Camel Scout ×318 · Scout Cavalry ×22 · Ghulam ×14 · Trebuchet (Packed) ×11 · Skirmisher ×6 · Petard ×2
Feudal
14:19
Castle
18:16
Imperial
—
| APM avg | 40.2 |
| APM peak | 127 |
| eAPM avg | 9.0 |
| Villagers / military | 82 / 34 |
Focus
⚔️ 20.2% · 🌾 79.8%
Skirmisher ×18 · Conquistador ×10 · Petard ×4 · Militia ×2
Feudal
13:47
Castle
27:37
Imperial
49:51
| APM avg | 19.4 |
| APM peak | 40 |
| eAPM avg | 11.0 |
| Villagers / military | 99 / 227 |
Focus
⚔️ 32.2% · 🌾 67.8%
Militia ×161 · Skirmisher ×30 · Composite Bowman ×22 · Monk ×6 · Trebuchet (Packed) ×5 · Warrior Priest ×3
Match map
Initial resources + every placement click. Lines = walls · curves = elevation contours. ◆ gold · ⬟ stone · ● berries · ✦ relic · ◌ wall gap
Your base· Open — unwalled flank
t45zeus's base· Open — unwalled flank
AleAnonMallo's base· Open — 8t gap
LeandroPaul79's base· Open — unwalled flank
Frank Drebin, Police Squad!'s base· Open — unwalled flank
Fat B's base· Open — unwalled flank
RelyingMarlin25's base· Open — unwalled flank
GuilleLeopold17's base· Open — unwalled flank
Smoothed initial terrain · ◌ = detected wall gap · hover for details
Inputs per minute
— PEINATE QUE VIENE GENTE - - t45zeus
Build order — PEINATE QUE VIENE GENTE
First 150 of 490 actions detected
| 0:16 | Build | Town Center |
| 2:47 | Create | Villager (Male) |
| 2:47 | Create | Villager (Male) |
| 2:47 | Create | Villager (Male) |
| 2:48 | Create | Villager (Male) |
| 2:53 | Build | House |
| 4:07 | Create | Villager (Male) |
| 4:08 | Create | Villager (Male) |
| 4:56 | Research | Loom |
| 5:18 | Create | Villager (Male) |
| 5:19 | Create | Villager (Male) |
| 5:19 | Create | Villager (Male) |
| 5:19 | Create | Villager (Male) |
| 5:35 | Build | House |
| 6:59 | Build | House |
| 7:07 | Build | House |
| 7:23 | Build | House |
| 7:30 | Build | House |
| 7:40 | Build | House |
| 7:59 | Create | Villager (Male) |
| 8:00 | Create | Villager (Male) |
| 8:00 | Create | Villager (Male) |
| 8:11 | Build | House |
| 8:44 | Create | Villager (Male) |
| 9:04 | Build | Lumber Camp |
| 9:11 | Build | House |
| 9:23 | Build | Palisade Gate |
| 9:31 | Create | Villager (Male) |
| 9:40 | Create | Villager (Male) |
| 9:52 | Build | House |
| 10:08 | Build | Mining Camp |
| 10:27 | Build | Mill |
| 10:59 | Create | Villager (Male) |
| 10:59 | Create | Villager (Male) |
| 12:19 | Create | Villager (Male) |
| 12:19 | Create | Villager (Male) |
| 13:10 | Build | Barracks |
| 13:33 | Build | Mining Camp |
| 13:47 | Research | Feudal Age |
| 13:56 | Build | Farm |
| 14:25 | Build | Outpost |
| 14:32 | Create | Militia |
| 14:32 | Create | Militia |
| 14:52 | Create | Militia |
| 15:06 | Build | Farm |
| 15:23 | Create | Militia |
| 15:57 | Age | Feudal Age |
| 15:59 | Create | Militia |
| 16:01 | Research | Man-at-Arms (upgrade) |
| 16:02 | Research | Man-at-Arms (upgrade) |
| 16:13 | Build | Farm |
| 16:18 | Build | Farm |
| 16:49 | Build | Watch Tower |
| 16:57 | Build | Watch Tower |
| 17:14 | Create | Villager (Male) |
| 17:14 | Create | Villager (Male) |
| 17:24 | Build | Farm |
| 17:44 | Build | Mill |
| 17:45 | Build | Farm |
| 17:46 | Build | Farm |
| 17:46 | Build | Farm |
| 17:46 | Build | Farm |
| 17:46 | Build | Farm |
| 18:46 | Build | Market |
| 18:52 | Build | House |
| 18:57 | Create | Villager (Male) |
| 18:57 | Create | Villager (Male) |
| 19:09 | Create | Militia |
| 19:09 | Create | Militia |
| 20:24 | Build | Lumber Camp |
| 20:28 | Build | Lumber Camp |
| 20:58 | Create | Villager (Male) |
| 20:58 | Create | Villager (Male) |
| 21:12 | Research | Double-Bit Axe |
| 21:12 | Research | Double-Bit Axe |
| 21:28 | Build | Watch Tower |
| 21:46 | Build | Stone Wall |
| 22:06 | Build | Farm |
| 22:14 | Create | Villager (Male) |
| 22:51 | Build | Mining Camp |
| 22:55 | Build | Farm |
| 23:08 | Create | Villager (Male) |
| 23:09 | Create | Villager (Male) |
| 23:09 | Create | Villager (Male) |
| 23:29 | Build | Mill |
| 23:56 | Build | Mill |
| 24:36 | Create | Villager (Male) |
| 24:36 | Create | Villager (Male) |
| 24:54 | Build | Lumber Camp |
| 25:19 | Build | Mill |
| 25:24 | Create | Villager (Male) |
| 25:24 | Create | Villager (Male) |
| 25:49 | Create | Villager (Male) |
| 25:50 | Create | Villager (Male) |
| 26:40 | Create | Villager (Male) |
| 27:04 | Create | Villager (Male) |
| 27:09 | Build | House |
| 28:07 | Create | Villager (Male) |
| 28:08 | Create | Villager (Male) |
| 28:11 | Build | House |
| 28:41 | Build | Blacksmith |
| 28:43 | Build | Market |
| 28:57 | Build | Mill |
| 29:02 | Create | Villager (Male) |
| 29:02 | Create | Villager (Male) |
| 29:02 | Create | Villager (Male) |
| 29:42 | Build | Mining Camp |
| 29:46 | Research | Castle Age |
| 29:46 | Research | Castle Age |
| 30:39 | Build | Farm |
| 30:40 | Build | Farm |
| 30:43 | Research | Horse Collar |
| 30:43 | Research | Horse Collar |
| 30:44 | Research | Gold Mining |
| 30:44 | Research | Gold Mining |
| 30:46 | Research | Stone Mining |
| 30:46 | Research | Stone Mining |
| 30:48 | Create | Villager (Male) |
| 30:48 | Create | Villager (Male) |
| 31:25 | Research | Gold Mining |
| 31:29 | Create | Villager (Male) |
| 31:29 | Create | Villager (Male) |
| 31:36 | Build | House |
| 32:28 | Age | Castle Age |
| 33:01 | Build | Castle |
| 33:01 | Build | Farm |
| 33:02 | Build | Farm |
| 33:08 | Research | Fletching |
| 33:08 | Research | Fletching |
| 34:16 | Build | Town Center |
| 34:23 | Create | Villager (Male) |
| 34:23 | Create | Villager (Male) |
| 35:04 | Build | Town Center |
| 35:20 | Research | Bow Saw |
| 35:20 | Research | Bow Saw |
| 35:20 | Research | Bow Saw |
| 36:02 | Create | Villager (Male) |
| 36:02 | Create | Villager (Male) |
| 36:27 | Create | Villager (Male) ×5 |
| 36:28 | Create | Villager (Male) |
| 36:28 | Create | Villager (Male) |
| 36:28 | Create | Villager (Male) |
| 36:35 | Build | House |
| 36:35 | Build | House |
| 36:35 | Build | House |
| 36:57 | Create | Villager (Male) ×5 |
| 37:00 | Research | Wheelbarrow |
| 37:00 | Research | Wheelbarrow |
| 37:19 | Research | Heavy Plow |
| 37:19 | Research | Heavy Plow |
Build order — t45zeus
First 150 of 411 actions detected
| 0:41 | Build | Mill |
| 0:54 | Build | Town Center |
| 1:40 | Build | House |
| 3:09 | Create | Villager (Male) |
| 3:10 | Create | Villager (Male) |
| 3:10 | Create | Villager (Male) |
| 3:10 | Create | Villager (Male) |
| 3:10 | Create | Villager (Male) |
| 3:56 | Create | Villager (Male) |
| 3:56 | Create | Villager (Male) |
| 4:55 | Create | Villager (Male) |
| 4:55 | Create | Villager (Male) |
| 5:16 | Build | House |
| 5:18 | Create | Villager (Male) |
| 5:19 | Create | Villager (Male) |
| 5:41 | Create | Villager (Male) |
| 5:41 | Create | Villager (Male) |
| 6:10 | Create | Villager (Male) |
| 6:11 | Create | Villager (Male) |
| 6:50 | Create | Villager (Male) |
| 6:50 | Create | Villager (Male) |
| 6:51 | Create | Villager (Male) |
| 6:51 | Create | Villager (Male) |
| 6:53 | Build | House |
| 8:04 | Research | Loom |
| 8:15 | Create | Villager (Male) |
| 8:15 | Create | Villager (Male) |
| 8:16 | Create | Villager (Male) |
| 8:17 | Create | Villager (Male) |
| 8:19 | Create | Villager (Male) |
| 8:20 | Create | Villager (Male) |
| 8:26 | Create | Villager (Male) |
| 9:09 | Build | Mill |
| 9:24 | Create | Villager (Male) |
| 9:41 | Build | Lumber Camp |
| 9:51 | Create | Villager (Male) |
| 10:07 | Build | House |
| 10:13 | Create | Villager (Male) |
| 10:37 | Create | Villager (Male) |
| 10:57 | Research | Feudal Age |
| 11:19 | Create | Villager (Male) |
| 11:38 | Build | House |
| 12:02 | Create | Villager (Male) |
| 12:54 | Create | Villager (Male) |
| 13:16 | Age | Feudal Age |
| 13:34 | Build | Town Center |
| 14:00 | Build | Barracks |
| 14:17 | Create | Villager (Male) |
| 14:28 | Build | Outpost |
| 14:37 | Create | Villager (Male) |
| 14:39 | Create | Villager (Male) |
| 14:52 | Build | Outpost |
| 14:54 | Create | Villager (Male) |
| 14:56 | Create | Villager (Male) |
| 15:02 | Build | Farm |
| 16:03 | Create | Villager (Male) |
| 16:10 | Build | Farm |
| 16:24 | Create | Villager (Male) |
| 16:27 | Create | Villager (Male) |
| 16:32 | Build | Farm |
| 16:37 | Build | Farm |
| 16:54 | Build | House |
| 17:00 | Build | Palisade Wall |
| 17:14 | Build | Palisade Wall |
| 17:43 | Build | Watch Tower |
| 17:53 | Create | Villager (Male) |
| 17:57 | Build | Farm |
| 18:00 | Build | Farm |
| 18:03 | Build | Farm |
| 18:10 | Create | Villager (Male) |
| 18:10 | Create | Villager (Male) |
| 18:11 | Create | Villager (Male) |
| 18:34 | Create | Villager (Male) |
| 18:38 | Create | Villager (Male) |
| 18:51 | Build | Watch Tower |
| 19:03 | Build | Palisade Wall |
| 19:10 | Build | Palisade Wall |
| 19:40 | Create | Villager (Male) |
| 20:53 | Build | Blacksmith |
| 21:14 | Create | Villager (Male) |
| 21:30 | Build | Watch Tower |
| 21:32 | Create | Villager (Male) |
| 21:34 | Create | Villager (Male) |
| 21:36 | Create | Villager (Male) |
| 21:39 | Build | Farm |
| 21:55 | Research | Horse Collar |
| 21:59 | Create | Villager (Male) |
| 23:03 | Build | Watch Tower |
| 23:40 | Build | Watch Tower |
| 23:53 | Research | Fletching |
| 23:56 | Create | Villager (Male) |
| 23:57 | Create | Villager (Male) |
| 24:02 | Build | Farm |
| 24:06 | Build | Farm |
| 24:08 | Create | Villager (Male) |
| 24:37 | Create | Villager (Male) |
| 24:38 | Create | Villager (Male) |
| 25:04 | Build | Watch Tower |
| 25:10 | Build | Mining Camp |
| 25:22 | Build | Outpost |
| 25:23 | Create | Villager (Male) |
| 25:24 | Create | Villager (Male) |
| 25:24 | Create | Villager (Male) |
| 25:25 | Research | Wheelbarrow |
| 25:52 | Build | Outpost |
| 25:53 | Create | Villager (Male) |
| 25:53 | Create | Villager (Male) |
| 26:05 | Create | Villager (Male) |
| 26:22 | Build | Mill |
| 26:23 | Build | Farm |
| 26:23 | Build | Farm |
| 26:23 | Build | Farm |
| 26:23 | Build | Farm |
| 26:24 | Build | Farm |
| 26:24 | Build | Farm |
| 26:24 | Build | Farm |
| 26:24 | Build | Farm |
| 26:25 | Build | Farm |
| 26:25 | Build | Farm |
| 26:25 | Build | Farm |
| 26:30 | Research | Double-Bit Axe |
| 26:46 | Build | Farm |
| 26:50 | Create | Villager (Male) |
| 27:05 | Build | Farm |
| 27:12 | Create | Villager (Male) |
| 27:28 | Create | Villager (Male) |
| 27:32 | Build | House |
| 27:41 | Build | House |
| 27:43 | Build | House |
| 27:45 | Create | Villager (Male) |
| 27:54 | Build | Farm |
| 28:33 | Create | Villager (Male) |
| 28:42 | Build | Palisade Wall |
| 28:49 | Build | Palisade Wall |
| 28:58 | Research | Town Watch |
| 29:05 | Build | Farm |
| 29:13 | Create | Villager (Male) |
| 29:23 | Create | Villager (Male) |
| 29:36 | Create | Villager (Male) |
| 30:47 | Build | Barracks |
| 31:10 | Build | Market |
| 31:48 | Build | Farm |
| 31:48 | Build | Farm |
| 32:05 | Create | Spearman |
| 32:05 | Create | Spearman |
| 32:39 | Research | Castle Age |
| 32:41 | Create | Villager (Male) |
| 32:41 | Create | Villager (Male) |
| 32:42 | Create | Villager (Male) |
| 32:51 | Create | Villager (Male) |
Build order — AleAnonMallo
First 150 of 156 actions detected
| 0:57 | Build | Town Center |
| 3:28 | Build | House |
| 3:33 | Build | House |
| 3:41 | Create | Villager (Male) |
| 3:42 | Create | Villager (Male) |
| 3:42 | Create | Villager (Male) |
| 3:42 | Create | Villager (Male) |
| 5:15 | Create | Villager (Male) |
| 6:00 | Create | Villager (Male) |
| 6:01 | Create | Villager (Male) |
| 7:04 | Create | Villager (Male) |
| 7:04 | Create | Villager (Male) |
| 7:04 | Create | Villager (Male) |
| 8:13 | Build | Mill |
| 8:25 | Create | Villager (Male) |
| 8:25 | Create | Villager (Male) |
| 8:27 | Research | Loom |
| 8:30 | Create | Villager (Male) |
| 8:44 | Create | Villager (Male) |
| 9:11 | Create | Villager (Male) |
| 9:56 | Build | House |
| 10:10 | Build | House |
| 10:23 | Create | Villager (Male) |
| 10:49 | Create | Villager (Male) |
| 11:02 | Build | Farm |
| 11:02 | Build | Farm |
| 11:03 | Build | Farm |
| 11:17 | Build | Farm |
| 11:18 | Build | Farm |
| 11:24 | Create | Villager (Male) |
| 12:26 | Build | Farm |
| 12:55 | Create | Villager (Male) |
| 13:45 | Build | Mining Camp |
| 13:56 | Create | Villager (Male) |
| 14:26 | Research | Feudal Age |
| 14:26 | Research | Feudal Age |
| 14:42 | Create | Villager (Male) |
| 16:36 | Age | Feudal Age |
| 16:50 | Build | Watch Tower |
| 17:43 | Build | Watch Tower |
| 17:46 | Create | Villager (Male) |
| 18:15 | Create | Villager (Male) |
| 18:43 | Build | Barracks |
| 19:24 | Build | Watch Tower |
| 19:41 | Create | Villager (Male) |
| 19:48 | Create | Militia |
| 19:49 | Create | Militia |
| 19:50 | Research | Man-at-Arms (upgrade) |
| 19:56 | Create | Villager (Male) |
| 19:57 | Create | Villager (Male) |
| 20:21 | Build | Watch Tower |
| 20:49 | Build | House |
| 20:53 | Build | House |
| 21:45 | Create | Villager (Male) |
| 21:45 | Create | Villager (Male) |
| 22:04 | Build | Watch Tower |
| 22:37 | Create | Militia |
| 22:38 | Create | Militia |
| 23:09 | Build | Farm |
| 23:28 | Create | Militia |
| 23:28 | Create | Militia |
| 25:05 | Build | Mining Camp |
| 25:32 | Build | Watch Tower |
| 25:38 | Create | Villager (Male) |
| 25:58 | Create | Villager (Male) |
| 27:13 | Create | Villager (Male) |
| 27:13 | Create | Villager (Male) |
| 27:41 | Create | Villager (Male) |
| 28:07 | Create | Militia |
| 28:07 | Create | Militia |
| 28:21 | Create | Villager (Male) |
| 29:53 | Create | Villager (Male) |
| 30:20 | Build | Watch Tower |
| 30:39 | Build | Mining Camp |
| 30:52 | Create | Villager (Male) |
| 31:49 | Create | Villager (Male) |
| 32:03 | Create | Villager (Male) |
| 32:34 | Build | Watch Tower |
| 33:15 | Create | Villager (Male) |
| 34:09 | Create | Villager (Male) |
| 34:09 | Create | Villager (Male) |
| 35:11 | Build | Mill |
| 35:13 | Create | Villager (Male) |
| 35:50 | Build | Farm |
| 35:51 | Build | Farm |
| 35:54 | Create | Villager (Male) |
| 35:55 | Create | Villager (Male) |
| 36:25 | Build | House |
| 36:27 | Build | House |
| 36:41 | Create | Villager (Male) |
| 36:57 | Create | Villager (Male) |
| 37:31 | Create | Villager (Male) |
| 38:03 | Create | Villager (Male) |
| 38:03 | Create | Villager (Male) |
| 38:19 | Build | Farm |
| 38:19 | Build | Farm |
| 38:42 | Create | Villager (Male) |
| 39:41 | Create | Villager (Male) |
| 39:41 | Create | Villager (Male) |
| 39:42 | Create | Villager (Male) |
| 40:27 | Build | Mill |
| 41:31 | Create | Villager (Male) |
| 41:32 | Create | Villager (Male) |
| 42:25 | Build | Watch Tower |
| 44:03 | Build | Lumber Camp |
| 45:32 | Build | Watch Tower |
| 46:20 | Build | Town Center |
| 47:49 | Create | Villager (Male) |
| 47:50 | Create | Villager (Male) |
| 48:32 | Create | Villager (Male) ×5 |
| 50:20 | Build | Stable |
| 50:27 | Create | Villager (Male) |
| 51:04 | Create | Villager (Male) |
| 51:05 | Create | Villager (Male) |
| 51:06 | Create | Villager (Male) |
| 51:06 | Create | Villager (Male) |
| 51:32 | Build | Blacksmith |
| 51:46 | Create | Villager (Male) |
| 51:52 | Build | House |
| 52:03 | Build | House |
| 53:29 | Build | Farm |
| 53:39 | Build | Market |
| 53:46 | Create | Villager (Male) |
| 53:51 | Build | Farm |
| 54:49 | Create | Villager (Male) |
| 55:13 | Create | Villager (Male) |
| 55:55 | Build | Farm |
| 55:55 | Build | Farm |
| 55:55 | Build | Farm |
| 55:56 | Build | Farm |
| 55:56 | Build | Farm |
| 55:56 | Build | Farm |
| 56:41 | Create | Villager (Male) |
| 57:21 | Create | Villager (Male) |
| 57:34 | Build | Farm |
| 57:37 | Build | Farm |
| 58:12 | Build | Farm |
| 58:13 | Build | Farm |
| 58:27 | Research | Castle Age |
| 61:07 | Age | Castle Age |
| 61:33 | Create | Villager (Male) |
| 61:33 | Create | Villager (Male) |
| 61:58 | Build | Town Center |
| 64:52 | Create | Villager (Male) |
| 65:13 | Create | Villager (Male) ×5 |
| 65:28 | Create | Knight |
| 66:47 | Create | Villager (Male) |
| 66:48 | Create | Villager (Male) |
| 67:27 | Create | Villager (Male) |
| 67:39 | Build | Watch Tower |
Build order — LeandroPaul79
First 150 of 617 actions detected
| 0:32 | Build | Town Center |
| 1:03 | Build | House |
| 1:05 | Build | House |
| 2:53 | Create | Villager (Male) |
| 2:53 | Create | Villager (Male) |
| 2:54 | Create | Villager (Male) |
| 2:54 | Create | Villager (Male) |
| 2:55 | Research | Loom |
| 4:25 | Create | Villager (Male) |
| 4:26 | Create | Villager (Male) |
| 4:28 | Create | Villager (Male) |
| 4:29 | Create | Villager (Male) |
| 5:16 | Build | House |
| 5:19 | Build | House |
| 5:37 | Create | Villager (Male) |
| 5:37 | Create | Villager (Male) |
| 5:39 | Create | Villager (Male) |
| 5:39 | Create | Villager (Male) |
| 6:17 | Build | Mill |
| 6:54 | Create | Villager (Male) |
| 6:54 | Create | Villager (Male) |
| 6:54 | Create | Villager (Male) |
| 6:55 | Create | Villager (Male) |
| 7:38 | Create | Villager (Male) |
| 7:39 | Create | Villager (Male) |
| 8:06 | Build | Mill |
| 8:26 | Create | Villager (Male) |
| 8:26 | Create | Villager (Male) |
| 8:40 | Create | Villager (Male) |
| 9:01 | Create | Villager (Male) |
| 9:21 | Create | Villager (Male) |
| 9:21 | Create | Villager (Male) |
| 9:32 | Create | Villager (Male) |
| 10:16 | Build | Lumber Camp |
| 10:28 | Build | House |
| 10:30 | Build | House |
| 10:36 | Create | Villager (Male) |
| 10:44 | Research | Feudal Age |
| 10:57 | Build | House |
| 11:08 | Build | Palisade Wall |
| 11:18 | Build | Palisade Wall |
| 11:21 | Create | Villager (Male) |
| 11:21 | Create | Villager (Male) |
| 12:01 | Create | Villager (Male) |
| 12:14 | Create | Villager (Male) |
| 12:42 | Create | Villager (Male) |
| 12:53 | Build | Barracks |
| 12:59 | Build | House |
| 13:01 | Build | House |
| 13:04 | Create | Villager (Male) |
| 13:14 | Age | Feudal Age |
| 13:17 | Research | Horse Collar |
| 13:22 | Research | Double-Bit Axe |
| 13:43 | Build | House |
| 13:47 | Create | Villager (Male) |
| 13:54 | Create | Villager (Male) |
| 14:02 | Build | Blacksmith |
| 14:29 | Build | Mining Camp |
| 14:42 | Build | Stone Wall |
| 14:46 | Build | Gate |
| 14:54 | Create | Eagle Scout |
| 14:55 | Create | Eagle Scout |
| 14:58 | Create | Villager (Male) |
| 15:25 | Create | Villager (Male) |
| 15:42 | Build | Market |
| 15:52 | Create | Villager (Male) |
| 16:30 | Create | Villager (Male) |
| 16:45 | Build | Stone Wall |
| 16:51 | Build | Gate |
| 16:53 | Create | Villager (Male) |
| 16:58 | Build | Farm |
| 17:01 | Build | Farm |
| 17:03 | Build | Farm |
| 17:14 | Build | Stone Wall |
| 17:17 | Create | Villager (Male) |
| 17:31 | Research | Castle Age |
| 17:36 | Research | Wheelbarrow |
| 17:37 | Create | Villager (Male) |
| 17:38 | Create | Villager (Male) |
| 17:38 | Create | Villager (Male) |
| 17:38 | Create | Villager (Male) |
| 18:00 | Create | Villager (Male) |
| 18:00 | Create | Villager (Male) |
| 18:11 | Research | Gold Mining |
| 18:11 | Research | Gold Mining |
| 18:30 | Build | Stone Wall |
| 18:37 | Create | Villager (Male) |
| 18:49 | Create | Villager (Male) |
| 19:35 | Research | Stone Mining |
| 20:02 | Build | House |
| 20:03 | Build | House |
| 20:14 | Create | Eagle Scout |
| 20:14 | Age | Castle Age |
| 20:24 | Build | Town Center |
| 20:37 | Research | Bow Saw |
| 21:15 | Build | House |
| 21:17 | Build | House |
| 21:47 | Create | Villager (Male) |
| 21:47 | Create | Villager (Male) |
| 21:48 | Create | Villager (Male) |
| 21:48 | Create | Villager (Male) |
| 21:48 | Create | Villager (Male) |
| 22:08 | Build | Monastery |
| 22:14 | Create | Villager (Male) |
| 22:23 | Research | Heavy Plow |
| 22:52 | Create | Monk |
| 22:52 | Create | Monk |
| 23:00 | Create | Eagle Scout |
| 23:20 | Build | Mill |
| 23:31 | Build | University |
| 23:35 | Build | House |
| 23:37 | Build | House |
| 23:38 | Build | House |
| 23:39 | Build | House |
| 23:40 | Build | House |
| 23:53 | Create | Villager (Male) |
| 23:55 | Create | Villager (Male) |
| 23:55 | Create | Villager (Male) |
| 24:05 | Build | Farm |
| 24:08 | Build | Farm |
| 24:13 | Build | Farm |
| 24:17 | Build | Farm |
| 24:24 | Build | Farm |
| 24:28 | Build | Farm |
| 24:29 | Build | Farm |
| 24:31 | Create | Villager (Male) |
| 24:32 | Create | Villager (Male) |
| 24:32 | Create | Villager (Male) |
| 24:33 | Create | Villager (Male) |
| 24:48 | Create | Villager (Male) |
| 24:52 | Research | Hand Cart |
| 24:52 | Research | Hand Cart |
| 25:12 | Create | Villager (Male) |
| 25:29 | Create | Villager (Male) |
| 25:30 | Create | Villager (Male) |
| 25:40 | Build | Mill |
| 25:47 | Create | Villager (Male) |
| 25:48 | Create | Villager (Male) |
| 25:51 | Build | Farm |
| 25:53 | Build | Farm |
| 25:56 | Build | Farm |
| 25:58 | Build | Farm |
| 26:14 | Create | Villager (Male) |
| 26:14 | Create | Villager (Male) |
| 26:25 | Build | Mill |
| 26:26 | Build | Farm |
| 26:27 | Build | Farm |
| 26:28 | Build | Farm |
| 26:30 | Build | Farm |
| 26:31 | Build | Farm |
Build order — Frank Drebin, Police Squad!
First 150 of 520 actions detected
| 0:51 | Build | Town Center |
| 2:59 | Create | Villager (Male) |
| 3:00 | Create | Villager (Male) |
| 3:00 | Create | Villager (Male) |
| 3:00 | Create | Villager (Male) |
| 3:00 | Create | Villager (Male) |
| 3:01 | Create | Villager (Male) |
| 3:26 | Build | House |
| 4:14 | Create | Villager (Male) |
| 4:14 | Create | Villager (Male) |
| 4:52 | Create | Villager (Male) |
| 4:52 | Create | Villager (Male) |
| 4:55 | Build | House |
| 4:58 | Build | House |
| 5:17 | Create | Villager (Male) |
| 5:18 | Create | Villager (Male) |
| 6:13 | Create | Villager (Male) ×2 |
| 6:13 | Create | Villager (Male) ×2 |
| 6:14 | Create | Villager (Male) ×2 |
| 6:24 | Build | Lumber Camp |
| 6:41 | Research | Loom |
| 7:33 | Build | House |
| 7:41 | Create | Villager (Male) ×3 |
| 7:41 | Create | Villager (Male) ×3 |
| 8:15 | Create | Villager (Male) |
| 8:45 | Build | Outpost |
| 8:48 | Build | Outpost |
| 8:58 | Create | Villager (Male) ×2 |
| 8:58 | Create | Villager (Male) ×2 |
| 9:01 | Build | House |
| 9:37 | Build | Outpost |
| 9:38 | Create | Villager (Male) |
| 9:38 | Create | Villager (Male) |
| 10:05 | Create | Villager (Male) |
| 10:06 | Create | Villager (Male) |
| 10:56 | Create | Villager (Male) ×4 |
| 10:56 | Create | Villager (Male) ×4 |
| 12:00 | Create | Villager (Male) ×5 |
| 12:01 | Create | Villager (Male) ×5 |
| 14:05 | Build | Mill |
| 14:08 | Build | Mill |
| 14:15 | Create | Villager (Male) |
| 14:58 | Research | Feudal Age |
| 14:58 | Research | Feudal Age |
| 15:06 | Build | Barracks |
| 15:27 | Build | Barracks |
| 15:30 | Build | House |
| 15:56 | Build | Palisade Gate |
| 16:31 | Create | Villager (Male) |
| 16:31 | Create | Villager (Male) |
| 16:39 | Build | Palisade Wall |
| 16:45 | Build | Palisade Wall |
| 16:50 | Build | Palisade Wall |
| 16:53 | Build | Palisade Wall |
| 17:08 | Age | Feudal Age |
| 17:13 | Build | Watch Tower |
| 17:17 | Create | Villager (Male) |
| 17:41 | Build | Watch Tower |
| 17:54 | Create | Villager (Male) |
| 17:55 | Create | Villager (Male) |
| 18:08 | Create | Villager (Male) ×5 |
| 18:09 | Create | Villager (Male) ×5 |
| 19:20 | Build | Lumber Camp |
| 20:16 | Create | Villager (Male) |
| 20:16 | Create | Villager (Male) |
| 21:12 | Build | Watch Tower |
| 21:27 | Build | Mill |
| 22:33 | Research | Wheelbarrow |
| 22:35 | Create | Villager (Male) |
| 22:35 | Create | Villager (Male) |
| 22:35 | Create | Villager (Male) |
| 22:42 | Build | Mill |
| 22:59 | Build | House |
| 23:47 | Create | Villager (Male) |
| 23:47 | Create | Villager (Male) |
| 23:47 | Create | Villager (Male) |
| 24:51 | Build | Lumber Camp |
| 25:10 | Build | Stone Wall |
| 25:17 | Build | Stone Wall |
| 25:43 | Create | Villager (Male) |
| 25:43 | Create | Villager (Male) |
| 25:43 | Create | Villager (Male) |
| 25:44 | Create | Villager (Male) |
| 26:11 | Build | Stone Wall |
| 26:20 | Build | Lumber Camp |
| 27:24 | Build | Mill |
| 28:06 | Create | Villager (Male) ×5 |
| 28:06 | Create | Villager (Male) ×5 |
| 28:28 | Build | Market |
| 28:32 | Build | Palisade Wall |
| 28:55 | Build | Lumber Camp |
| 29:36 | Build | Stone Wall |
| 29:53 | Build | Blacksmith |
| 30:05 | Build | Stone Wall |
| 30:25 | Research | Castle Age |
| 30:29 | Create | Villager (Male) |
| 30:31 | Research | Fletching |
| 30:40 | Build | Mining Camp |
| 31:00 | Build | Stone Wall |
| 31:22 | Build | Stone Wall |
| 31:27 | Build | Stone Wall |
| 31:31 | Build | Stone Wall |
| 31:34 | Create | Villager (Male) |
| 31:46 | Build | Mining Camp |
| 33:05 | Age | Castle Age |
| 33:09 | Build | Castle |
| 33:18 | Create | Villager (Male) |
| 33:18 | Create | Villager (Male) |
| 33:33 | Research | Bodkin Arrow |
| 33:39 | Create | Villager (Male) |
| 33:39 | Create | Villager (Male) |
| 33:51 | Build | Barracks |
| 34:21 | Build | Mining Camp |
| 34:48 | Research | Hand Cart |
| 34:50 | Create | Villager (Male) |
| 34:51 | Create | Villager (Male) |
| 34:51 | Create | Villager (Male) |
| 34:51 | Create | Villager (Male) |
| 34:51 | Create | Villager (Male) |
| 34:51 | Create | Villager (Male) |
| 34:52 | Create | Villager (Male) |
| 35:08 | Build | Lumber Camp |
| 35:15 | Create | Villager (Male) |
| 35:15 | Create | Villager (Male) |
| 35:15 | Create | Villager (Male) |
| 35:43 | Build | Siege Workshop |
| 36:26 | Research | Double-Bit Axe |
| 36:26 | Research | Double-Bit Axe |
| 36:31 | Research | Horse Collar |
| 36:32 | Research | Horse Collar |
| 36:32 | Research | Horse Collar |
| 36:59 | Build | Stable |
| 37:10 | Research | Town Watch |
| 37:11 | Create | Villager (Male) |
| 37:11 | Create | Villager (Male) |
| 37:12 | Create | Villager (Male) |
| 37:18 | Create | Battering Ram |
| 37:24 | Create | Battering Ram |
| 37:53 | Research | Bloodlines |
| 38:01 | Create | Knight |
| 38:34 | Research | Bow Saw |
| 38:41 | Research | Bow Saw |
| 38:46 | Create | Battering Ram |
| 38:50 | Create | Battering Ram |
| 39:24 | Build | Town Center |
| 39:38 | Build | Mill |
| 39:44 | Create | Villager (Male) |
| 39:44 | Create | Villager (Male) |
| 40:23 | Create | Knight |
| 40:24 | Create | Knight |
Build order — Fat B
First 150 of 686 actions detected
| 0:29 | Build | Town Center |
| 2:19 | Build | House |
| 2:57 | Create | Villager (Male) |
| 2:58 | Create | Villager (Male) |
| 3:05 | Create | Villager (Male) |
| 3:10 | Create | Villager (Male) |
| 3:54 | Create | Villager (Male) |
| 4:18 | Create | Villager (Male) |
| 4:50 | Build | House |
| 4:54 | Create | Villager (Male) |
| 5:08 | Create | Villager (Male) |
| 5:35 | Create | Villager (Male) |
| 5:40 | Create | Villager (Male) |
| 6:13 | Build | Mill |
| 6:14 | Create | Villager (Male) |
| 6:31 | Create | Villager (Male) |
| 6:39 | Create | Villager (Male) |
| 7:03 | Build | House |
| 7:22 | Create | Villager (Male) |
| 7:32 | Build | Mill |
| 7:34 | Create | Villager (Male) |
| 8:21 | Create | Villager (Male) |
| 8:33 | Create | Villager (Male) |
| 8:41 | Create | Villager (Male) |
| 8:48 | Create | Villager (Male) |
| 9:09 | Build | House |
| 9:21 | Build | Lumber Camp |
| 9:27 | Create | Villager (Male) |
| 10:36 | Build | Mill |
| 10:44 | Research | Feudal Age |
| 11:08 | Create | Villager (Male) |
| 11:50 | Create | Villager (Male) |
| 12:54 | Age | Feudal Age |
| 12:57 | Build | Blacksmith |
| 13:32 | Research | Loom |
| 14:13 | Build | Market |
| 14:40 | Research | Castle Age |
| 14:56 | Research | Double-Bit Axe |
| 15:10 | Create | Villager (Male) |
| 15:43 | Build | House |
| 15:48 | Create | Villager (Male) |
| 17:20 | Age | Castle Age |
| 17:23 | Build | Town Center |
| 17:43 | Create | Villager (Male) |
| 17:50 | Build | Town Center |
| 18:06 | Create | Villager (Male) |
| 18:16 | Create | Villager (Male) |
| 18:36 | Build | Barracks |
| 18:38 | Create | Villager (Male) |
| 19:16 | Create | Villager (Male) |
| 19:17 | Create | Villager (Male) |
| 19:19 | Create | Villager (Male) |
| 19:20 | Create | Villager (Male) |
| 19:34 | Build | Stable |
| 19:35 | Create | Villager (Male) |
| 19:48 | Create | Villager (Male) |
| 19:51 | Research | Bow Saw |
| 19:56 | Research | Scale Barding Armor |
| 19:57 | Research | Forging |
| 20:10 | Build | House |
| 20:29 | Create | Villager (Male) |
| 20:30 | Create | Villager (Male) |
| 20:31 | Create | Villager (Male) |
| 20:32 | Create | Villager (Male) |
| 20:33 | Create | Villager (Male) |
| 20:44 | Build | Stable |
| 20:48 | Create | Camel Scout |
| 20:49 | Create | Camel Scout |
| 20:52 | Create | Villager (Male) |
| 20:55 | Build | House |
| 20:59 | Build | House |
| 21:19 | Create | Villager (Male) |
| 21:19 | Create | Villager (Male) |
| 21:27 | Create | Camel Scout |
| 21:28 | Create | Camel Scout |
| 21:38 | Create | Camel Scout |
| 21:38 | Create | Camel Scout |
| 21:48 | Build | Stable |
| 21:51 | Build | Farm |
| 21:53 | Build | Farm |
| 22:04 | Create | Villager (Male) |
| 22:04 | Create | Villager (Male) |
| 22:18 | Create | Villager (Male) |
| 22:49 | Create | Camel Scout |
| 22:49 | Create | Camel Scout |
| 22:49 | Create | Camel Scout |
| 22:49 | Create | Camel Scout |
| 22:58 | Build | House |
| 23:05 | Build | Farm |
| 23:06 | Build | Farm |
| 23:06 | Build | Farm |
| 23:06 | Build | Farm |
| 23:06 | Build | Farm |
| 23:07 | Build | Farm |
| 23:07 | Build | Farm |
| 23:07 | Build | Farm |
| 23:24 | Create | Villager (Male) |
| 23:24 | Create | Villager (Male) |
| 23:26 | Create | Villager (Male) |
| 23:38 | Build | Mining Camp |
| 23:41 | Create | Villager (Male) |
| 23:42 | Create | Villager (Male) |
| 23:47 | Build | Farm |
| 23:52 | Build | Farm |
| 24:06 | Create | Camel Scout |
| 24:06 | Create | Camel Scout |
| 24:06 | Create | Camel Scout |
| 24:08 | Create | Villager (Male) |
| 24:19 | Create | Camel Scout |
| 24:20 | Create | Camel Scout |
| 24:41 | Build | House |
| 24:42 | Build | House |
| 24:43 | Build | House |
| 24:43 | Build | House |
| 24:43 | Build | House |
| 24:56 | Research | Bloodlines |
| 25:18 | Create | Villager (Male) |
| 25:42 | Create | Villager (Male) |
| 25:42 | Create | Villager (Male) |
| 25:42 | Create | Villager (Male) |
| 25:46 | Create | Villager (Male) |
| 26:00 | Create | Villager (Male) |
| 26:00 | Create | Villager (Male) |
| 26:00 | Create | Villager (Male) |
| 26:17 | Create | Villager (Male) |
| 26:17 | Create | Villager (Male) |
| 26:26 | Create | Villager (Male) |
| 26:44 | Build | Farm |
| 26:44 | Build | Farm |
| 26:45 | Build | Farm |
| 26:45 | Build | Farm |
| 26:45 | Build | Farm |
| 26:45 | Build | Farm |
| 26:46 | Build | Farm |
| 26:46 | Build | Farm |
| 26:46 | Build | Farm |
| 26:46 | Build | Farm |
| 26:47 | Build | Farm |
| 26:47 | Build | Farm |
| 26:47 | Build | Farm |
| 26:47 | Build | Farm |
| 26:47 | Build | Farm |
| 26:48 | Build | Farm |
| 26:55 | Build | Farm |
| 26:55 | Build | Farm |
| 26:55 | Build | Farm |
| 26:55 | Build | Farm |
| 26:56 | Build | Farm |
| 26:56 | Build | Farm |
| 27:06 | Create | Villager (Male) |
Build order — RelyingMarlin25
First 150 of 176 actions detected
| 1:12 | Build | Town Center |
| 2:44 | Build | House |
| 3:34 | Create | Villager (Male) |
| 3:35 | Create | Villager (Male) |
| 3:35 | Create | Villager (Male) |
| 3:35 | Create | Villager (Male) |
| 3:36 | Create | Villager (Male) |
| 4:59 | Create | Villager (Male) |
| 4:59 | Create | Villager (Male) |
| 5:00 | Create | Villager (Male) |
| 5:35 | Build | House |
| 5:40 | Create | Villager (Male) |
| 5:41 | Create | Villager (Male) |
| 5:41 | Create | Villager (Male) |
| 5:42 | Create | Villager (Male) |
| 5:58 | Create | Villager (Male) |
| 6:31 | Create | Villager (Male) |
| 6:49 | Create | Villager (Male) |
| 7:31 | Create | Villager (Male) |
| 7:32 | Create | Villager (Male) |
| 7:43 | Build | House |
| 7:54 | Create | Villager (Male) |
| 8:27 | Create | Villager (Male) |
| 9:03 | Create | Villager (Male) |
| 9:40 | Build | Mill |
| 9:55 | Create | Villager (Male) |
| 9:55 | Create | Villager (Male) |
| 11:38 | Build | Lumber Camp |
| 12:07 | Research | Loom |
| 12:09 | Research | Feudal Age |
| 13:12 | Build | House |
| 13:15 | Build | House |
| 14:05 | Create | Villager (Male) |
| 14:05 | Create | Villager (Male) |
| 14:13 | Build | Mining Camp |
| 14:19 | Age | Feudal Age |
| 14:31 | Build | Blacksmith |
| 14:44 | Build | Market |
| 15:36 | Research | Castle Age |
| 15:46 | Build | Mining Camp |
| 16:44 | Build | Barracks |
| 17:31 | Create | Militia |
| 18:07 | Research | Man-at-Arms (upgrade) |
| 18:14 | Create | Militia |
| 18:16 | Age | Castle Age |
| 18:49 | Create | Villager (Male) |
| 18:49 | Create | Villager (Male) |
| 19:46 | Create | Villager (Male) |
| 19:49 | Create | Villager (Male) |
| 20:07 | Research | Loom |
| 21:20 | Build | Lumber Camp |
| 21:59 | Build | Castle |
| 22:20 | Research | Fletching |
| 22:59 | Build | University |
| 23:19 | Create | Conquistador |
| 23:19 | Create | Conquistador |
| 23:32 | Create | Villager (Male) |
| 23:32 | Create | Villager (Male) |
| 23:32 | Create | Villager (Male) |
| 23:42 | Build | Mill |
| 28:41 | Build | Lumber Camp |
| 30:42 | Create | Conquistador |
| 30:42 | Create | Conquistador |
| 33:41 | Create | Petard |
| 33:41 | Create | Petard |
| 36:33 | Build | Lumber Camp |
| 38:07 | Create | Conquistador |
| 38:07 | Create | Conquistador |
| 39:55 | Create | Petard |
| 39:55 | Create | Petard |
| 40:41 | Build | Town Center |
| 42:01 | Build | Farm |
| 42:03 | Build | Farm |
| 42:06 | Build | Farm |
| 42:09 | Build | Farm |
| 44:15 | Create | Villager (Male) |
| 44:15 | Create | Villager (Male) |
| 44:15 | Create | Villager (Male) |
| 47:30 | Create | Villager (Male) |
| 47:30 | Create | Villager (Male) |
| 47:31 | Create | Villager (Male) |
| 47:31 | Create | Villager (Male) |
| 48:41 | Create | Villager (Male) |
| 48:41 | Create | Villager (Male) |
| 48:41 | Create | Villager (Male) |
| 49:15 | Create | Conquistador |
| 49:15 | Create | Conquistador |
| 49:16 | Create | Conquistador |
| 49:35 | Create | Villager (Male) |
| 49:35 | Create | Villager (Male) |
| 49:35 | Create | Villager (Male) |
| 49:36 | Create | Villager (Male) |
| 49:36 | Create | Villager (Male) |
| 49:36 | Create | Villager (Male) |
| 50:26 | Build | Farm |
| 50:29 | Build | Farm |
| 50:35 | Build | Farm |
| 51:17 | Build | Archery Range |
| 51:20 | Create | Villager (Male) |
| 51:20 | Create | Villager (Male) |
| 51:24 | Create | Villager (Male) |
| 51:25 | Create | Villager (Male) |
| 52:06 | Create | Villager (Male) |
| 52:15 | Build | Farm |
| 52:16 | Build | Farm |
| 52:20 | Build | Farm |
| 52:42 | Build | Mining Camp |
| 52:44 | Create | Villager (Male) |
| 52:44 | Create | Villager (Male) |
| 53:25 | Create | Villager (Male) |
| 53:25 | Create | Villager (Male) |
| 53:26 | Create | Villager (Male) |
| 53:39 | Build | Farm |
| 54:06 | Research | Elite Skirmisher (upgrade) |
| 54:15 | Create | Villager (Male) |
| 54:15 | Create | Villager (Male) |
| 54:18 | Create | Villager (Male) |
| 54:18 | Create | Villager (Male) |
| 54:55 | Create | Skirmisher |
| 54:56 | Create | Skirmisher |
| 54:56 | Create | Skirmisher |
| 54:57 | Create | Skirmisher |
| 54:57 | Create | Skirmisher |
| 55:09 | Create | Villager (Male) |
| 55:09 | Create | Villager (Male) |
| 55:39 | Create | Skirmisher |
| 56:05 | Create | Skirmisher |
| 56:17 | Create | Skirmisher |
| 56:17 | Create | Skirmisher |
| 56:22 | Create | Conquistador |
| 56:36 | Create | Skirmisher |
| 57:26 | Build | House |
| 57:27 | Build | House |
| 57:29 | Build | House |
| 57:30 | Build | House |
| 57:31 | Build | House |
| 57:42 | Create | Skirmisher |
| 57:43 | Create | Skirmisher |
| 59:40 | Build | Farm |
| 59:43 | Create | Villager (Male) |
| 59:43 | Create | Villager (Male) |
| 59:43 | Create | Villager (Male) |
| 59:54 | Build | Mill |
| 60:12 | Create | Skirmisher |
| 60:12 | Create | Skirmisher |
| 60:13 | Create | Skirmisher |
| 60:15 | Create | Skirmisher |
| 60:42 | Build | Farm |
| 60:44 | Build | Farm |
| 60:46 | Build | Farm |
Build order — GuilleLeopold17
First 150 of 309 actions detected
| 0:54 | Build | Town Center |
| 2:54 | Create | Villager (Male) |
| 2:54 | Create | Villager (Male) |
| 2:54 | Create | Villager (Male) |
| 2:55 | Create | Villager (Male) |
| 2:55 | Create | Villager (Male) |
| 3:51 | Build | House |
| 3:51 | Build | House |
| 3:57 | Research | Loom |
| 3:57 | Create | Villager (Male) |
| 3:58 | Create | Villager (Male) |
| 3:58 | Create | Villager (Male) |
| 4:19 | Create | Villager (Male) |
| 4:19 | Create | Villager (Male) |
| 4:20 | Create | Villager (Male) |
| 5:13 | Create | Villager (Male) |
| 5:13 | Create | Villager (Male) |
| 5:14 | Create | Villager (Male) |
| 5:45 | Create | Villager (Male) |
| 5:45 | Create | Villager (Male) |
| 5:53 | Build | Mule Cart |
| 5:56 | Create | Villager (Male) |
| 5:56 | Create | Villager (Male) |
| 5:57 | Create | Villager (Male) |
| 6:36 | Create | Villager (Male) |
| 6:37 | Create | Villager (Male) |
| 6:48 | Create | Villager (Male) |
| 6:48 | Create | Villager (Male) |
| 6:49 | Create | Villager (Male) |
| 7:18 | Build | House |
| 7:24 | Build | House |
| 7:29 | Create | Villager (Male) |
| 7:29 | Create | Villager (Male) |
| 8:11 | Create | Villager (Male) |
| 8:11 | Create | Villager (Male) |
| 8:25 | Create | Villager (Male) |
| 8:25 | Create | Villager (Male) |
| 8:25 | Create | Villager (Male) |
| 8:50 | Build | Mill |
| 9:05 | Build | Mill |
| 9:23 | Create | Villager (Male) |
| 9:23 | Create | Villager (Male) |
| 10:01 | Build | Mule Cart |
| 10:10 | Create | Villager (Male) |
| 10:56 | Create | Villager (Male) |
| 11:37 | Research | Feudal Age |
| 12:11 | Build | Barracks |
| 12:13 | Build | Barracks |
| 12:20 | Create | Villager (Male) |
| 12:20 | Create | Villager (Male) |
| 12:59 | Build | House |
| 13:00 | Build | House |
| 13:47 | Age | Feudal Age |
| 13:49 | Create | Villager (Male) |
| 13:52 | Research | Man-at-Arms (upgrade) |
| 13:56 | Create | Militia |
| 13:56 | Create | Militia |
| 14:00 | Research | Arson |
| 14:05 | Build | House |
| 14:20 | Create | Villager (Male) |
| 14:30 | Build | Mule Cart |
| 14:34 | Research | Long Swordsman (upgrade) |
| 14:37 | Create | Militia |
| 15:03 | Create | Villager (Male) |
| 15:07 | Create | Militia ×2 |
| 15:07 | Create | Militia ×2 |
| 15:21 | Create | Militia |
| 15:35 | Build | Mill |
| 16:03 | Create | Militia |
| 16:16 | Build | Blacksmith |
| 16:31 | Create | Militia |
| 17:09 | Create | Militia |
| 17:09 | Create | Militia |
| 17:09 | Create | Militia |
| 17:34 | Research | Scale Mail Armor |
| 17:39 | Create | Villager (Male) |
| 17:39 | Create | Villager (Male) |
| 19:00 | Build | House |
| 19:00 | Build | House |
| 19:01 | Build | House |
| 19:55 | Create | Militia ×5 |
| 19:55 | Create | Militia ×5 |
| 20:02 | Create | Villager (Male) |
| 20:02 | Create | Villager (Male) |
| 20:03 | Create | Villager (Male) |
| 20:16 | Research | Forging |
| 21:44 | Create | Villager (Male) |
| 21:44 | Create | Villager (Male) |
| 21:44 | Create | Villager (Male) |
| 23:05 | Build | Market |
| 24:57 | Research | Castle Age |
| 24:58 | Research | Castle Age |
| 26:25 | Create | Militia ×5 |
| 26:25 | Create | Militia ×5 |
| 26:25 | Create | Militia |
| 27:00 | Create | Militia |
| 27:00 | Create | Militia |
| 27:37 | Age | Castle Age |
| 27:42 | Create | Villager (Male) |
| 27:42 | Create | Villager (Male) |
| 27:43 | Create | Villager (Male) |
| 27:49 | Build | Town Center |
| 28:11 | Research | Two-Handed Swordsman (upgrade) |
| 29:14 | Create | Villager (Male) |
| 29:14 | Create | Villager (Male) |
| 29:14 | Create | Villager (Male) |
| 29:46 | Create | Villager (Male) |
| 31:32 | Create | Villager (Male) ×5 |
| 31:36 | Build | Mule Cart |
| 31:53 | Build | Farm |
| 31:54 | Build | Farm |
| 31:54 | Build | Farm |
| 31:54 | Build | Farm |
| 31:55 | Build | Farm |
| 31:55 | Build | Farm |
| 31:55 | Build | Farm |
| 32:20 | Build | Mule Cart |
| 32:27 | Create | Villager (Male) |
| 32:28 | Create | Villager (Male) |
| 32:28 | Create | Villager (Male) |
| 32:42 | Build | Mule Cart |
| 33:20 | Create | Villager (Male) |
| 33:20 | Create | Villager (Male) |
| 33:20 | Create | Villager (Male) |
| 33:20 | Create | Villager (Male) |
| 34:44 | Create | Militia ×3 |
| 34:44 | Create | Militia ×3 |
| 35:18 | Create | Villager (Male) |
| 35:18 | Create | Villager (Male) |
| 35:19 | Create | Villager (Male) |
| 35:25 | Build | House |
| 35:25 | Build | House |
| 35:25 | Build | House |
| 35:26 | Build | House |
| 35:33 | Create | Militia |
| 35:33 | Create | Militia |
| 36:26 | Create | Militia |
| 36:26 | Create | Militia |
| 37:06 | Build | Town Center |
| 37:45 | Build | Castle |
| 38:35 | Build | Mill |
| 38:48 | Build | Mill |
| 38:58 | Create | Militia ×2 |
| 38:58 | Create | Militia ×2 |
| 39:15 | Build | Archery Range |
| 39:16 | Build | Archery Range |
| 39:19 | Create | Composite Bowman |
| 39:20 | Create | Composite Bowman |
| 39:20 | Create | Composite Bowman |
| 39:20 | Create | Composite Bowman |
Match timeline
| 11:08 | LeandroPaul79 · wall_segment Palisade Wall x3 |
| 11:18 | LeandroPaul79 · wall_segment Palisade Wall x1 |
| 12:11 | GuilleLeopold17 · first_building Barracks |
| 12:53 | LeandroPaul79 · first_building Barracks |
| 12:54 | Fat B · age_up feudal |
| 13:10 | PEINATE QUE VIENE GENTE · first_building Barracks |
| 13:14 | LeandroPaul79 · age_up feudal |
| 13:16 | t45zeus · age_up feudal |
| 13:47 | GuilleLeopold17 · age_up feudal |
| 14:00 | t45zeus · first_building Barracks |
| 14:19 | RelyingMarlin25 · age_up feudal |
| 14:42 | LeandroPaul79 · wall_segment Stone Wall x7 |
| 15:06 | Frank Drebin, Police Squad! · first_building Barracks |
| 15:33 | RelyingMarlin25 · first_market_sell 100 wood |
| 15:57 | PEINATE QUE VIENE GENTE · age_up feudal |
| 16:36 | AleAnonMallo · age_up feudal |
| 16:39 | Frank Drebin, Police Squad! · wall_segment Palisade Wall x1 |
| 16:44 | RelyingMarlin25 · first_building Barracks |
| 16:45 | Frank Drebin, Police Squad! · wall_segment Palisade Wall x1 |
| 16:45 | LeandroPaul79 · wall_segment Stone Wall x14 |
| 16:50 | Frank Drebin, Police Squad! · wall_segment Palisade Wall x1 |
| 16:53 | Frank Drebin, Police Squad! · wall_segment Palisade Wall x1 |
| 17:00 | t45zeus · wall_segment Palisade Wall x5 |
| 17:08 | Frank Drebin, Police Squad! · age_up feudal |
| 17:14 | t45zeus · wall_segment Palisade Wall x4 |
| 17:14 | LeandroPaul79 · wall_segment Stone Wall x6 |
| 17:20 | Fat B · age_up castle |
| 17:28 | LeandroPaul79 · first_market_sell 100 wood |
| 17:33 | Fat B · first_market_buy 100 wood |
| 18:16 | RelyingMarlin25 · age_up castle |
| 18:30 | LeandroPaul79 · wall_segment Stone Wall x7 |
| 18:31 | Fat B · first_market_sell 100 food |
| 18:36 | Fat B · first_building Barracks |
| 18:43 | AleAnonMallo · first_building Barracks |
| 19:03 | t45zeus · wall_segment Palisade Wall x1 |
| 19:10 | t45zeus · wall_segment Palisade Wall x1 |
| 19:34 | Fat B · first_building Stable |
| 20:14 | LeandroPaul79 · age_up castle |
| 21:07 | PEINATE QUE VIENE GENTE · first_market_sell 100 stone |
| 21:10 | PEINATE QUE VIENE GENTE · first_market_buy 100 food |
| 21:46 | PEINATE QUE VIENE GENTE · wall_segment Stone Wall x1 |
| 21:59 | RelyingMarlin25 · first_building Castle |
| 22:08 | LeandroPaul79 · first_building Monastery |
| 24:56 | GuilleLeopold17 · first_market_buy 100 food |
| 25:10 | Frank Drebin, Police Squad! · wall_segment Stone Wall x1 |
| 25:17 | Frank Drebin, Police Squad! · wall_segment Stone Wall x4 |
| 26:11 | Frank Drebin, Police Squad! · wall_segment Stone Wall x5 |
| 27:37 | GuilleLeopold17 · age_up castle |
| 28:32 | Frank Drebin, Police Squad! · wall_segment Palisade Wall x2 |
| 28:42 | t45zeus · wall_segment Palisade Wall x1 |
| 28:49 | t45zeus · wall_segment Palisade Wall x10 |
| 28:58 | LeandroPaul79 · first_market_buy 100 stone |
| 29:36 | Frank Drebin, Police Squad! · wall_segment Stone Wall x9 |
| 29:52 | Fat B · first_building Castle |
| 29:56 | LeandroPaul79 · first_building Castle |
| 30:05 | Frank Drebin, Police Squad! · wall_segment Stone Wall x4 |
| 30:18 | Frank Drebin, Police Squad! · first_market_sell 100 food |
| 30:32 | RelyingMarlin25 · first_market_buy 100 food |
| 31:00 | Frank Drebin, Police Squad! · wall_segment Stone Wall x7 |
| 31:22 | Frank Drebin, Police Squad! · wall_segment Stone Wall x8 |
| 31:27 | Frank Drebin, Police Squad! · wall_segment Stone Wall x5 |
| 31:31 | Frank Drebin, Police Squad! · wall_segment Stone Wall x7 |
| 31:43 | LeandroPaul79 · first_building Archery Range |
| 31:51 | Fat B · tribute_sent a jugador 1 |
| 31:51 | Fat B · tribute_sent a jugador 2 |
| 31:51 | Fat B · tribute_sent a jugador 3 |
| 31:51 | Fat B · tribute_sent a jugador 4 |
| 31:51 | Fat B · tribute_sent a jugador 5 |
| 31:51 | Fat B · tribute_sent a jugador 7 |
| 31:51 | Fat B · tribute_sent a jugador 8 |
| 31:59 | LeandroPaul79 · age_up imperial |
| 32:28 | PEINATE QUE VIENE GENTE · age_up castle |
| 32:59 | LeandroPaul79 · tribute_sent a jugador 1 |
| 32:59 | LeandroPaul79 · tribute_sent a jugador 2 |
| 32:59 | LeandroPaul79 · tribute_sent a jugador 4 |
| 32:59 | LeandroPaul79 · tribute_sent a jugador 5 |
| 32:59 | LeandroPaul79 · tribute_sent a jugador 6 |
| 32:59 | LeandroPaul79 · tribute_sent a jugador 7 |
| 32:59 | LeandroPaul79 · tribute_sent a jugador 8 |
| 33:01 | PEINATE QUE VIENE GENTE · first_building Castle |
| 33:05 | Frank Drebin, Police Squad! · age_up castle |
| 33:09 | Frank Drebin, Police Squad! · first_building Castle |
| 33:52 | t45zeus · wall_segment Palisade Wall x8 |
| 34:28 | t45zeus · first_building Stable |
| 34:46 | Frank Drebin, Police Squad! · first_market_buy 100 wood |
| 35:02 | t45zeus · wall_segment Palisade Wall x2 |
| 35:14 | t45zeus · wall_segment Palisade Wall x4 |
| 35:19 | t45zeus · age_up castle |
| 35:43 | Frank Drebin, Police Squad! · first_building Siege Workshop |
| 35:48 | t45zeus · wall_segment Palisade Wall x1 |
| 35:50 | t45zeus · wall_segment Palisade Wall x5 |
| 36:22 | t45zeus · first_market_buy 100 wood |
| 36:59 | Frank Drebin, Police Squad! · first_building Stable |
| 37:35 | t45zeus · wall_segment Palisade Wall x7 |
| 37:37 | t45zeus · wall_segment Palisade Wall x10 |
| 37:39 | t45zeus · wall_segment Palisade Wall x4 |
| 37:41 | t45zeus · wall_segment Palisade Wall x10 |
| 37:45 | GuilleLeopold17 · first_building Castle |
| 39:15 | GuilleLeopold17 · first_building Archery Range |
| 40:57 | Fat B · age_up imperial |
| 41:51 | Frank Drebin, Police Squad! · first_building Archery Range |
| 41:55 | Frank Drebin, Police Squad! · wall_segment Palisade Wall x1 |
| 43:36 | PEINATE QUE VIENE GENTE · first_building Stable |
| 44:24 | Frank Drebin, Police Squad! · wall_segment Stone Wall x4 |
| 44:38 | GuilleLeopold17 · tribute_sent a jugador 1 |
| 44:38 | GuilleLeopold17 · tribute_sent a jugador 2 |
| 44:38 | GuilleLeopold17 · tribute_sent a jugador 3 |
| 44:38 | GuilleLeopold17 · tribute_sent a jugador 4 |
| 44:38 | GuilleLeopold17 · tribute_sent a jugador 5 |
| 44:38 | GuilleLeopold17 · tribute_sent a jugador 6 |
| 44:38 | GuilleLeopold17 · tribute_sent a jugador 7 |
| 44:59 | t45zeus · first_building Castle |
| 45:58 | GuilleLeopold17 · first_building Monastery |
| 46:07 | GuilleLeopold17 · tribute_sent a jugador 1 |
| 46:07 | GuilleLeopold17 · tribute_sent a jugador 2 |
| 46:07 | GuilleLeopold17 · tribute_sent a jugador 3 |
| 46:07 | GuilleLeopold17 · tribute_sent a jugador 4 |
| 46:07 | GuilleLeopold17 · tribute_sent a jugador 5 |
| 46:07 | GuilleLeopold17 · tribute_sent a jugador 6 |
| 46:07 | GuilleLeopold17 · tribute_sent a jugador 7 |
| 47:26 | Frank Drebin, Police Squad! · wall_segment Stone Wall x10 |
| 49:51 | GuilleLeopold17 · age_up imperial |
| 50:13 | GuilleLeopold17 · first_market_sell 500 stone |
| 50:20 | AleAnonMallo · first_building Stable |
| 51:17 | RelyingMarlin25 · first_building Archery Range |
| 51:24 | Frank Drebin, Police Squad! · age_up imperial |
| 52:20 | t45zeus · first_building Archery Range |
| 53:14 | PEINATE QUE VIENE GENTE · age_up imperial |
| 53:23 | GuilleLeopold17 · tribute_sent a jugador 1 |
| 53:23 | GuilleLeopold17 · tribute_sent a jugador 2 |
| 53:23 | GuilleLeopold17 · tribute_sent a jugador 3 |
| 53:23 | GuilleLeopold17 · tribute_sent a jugador 4 |
| 53:23 | GuilleLeopold17 · tribute_sent a jugador 5 |
| 53:23 | GuilleLeopold17 · tribute_sent a jugador 6 |
| 53:23 | GuilleLeopold17 · tribute_sent a jugador 7 |
| 53:31 | Frank Drebin, Police Squad! · wall_segment Stone Wall x11 |
| 53:39 | Frank Drebin, Police Squad! · wall_segment Stone Wall x3 |
| 53:41 | t45zeus · first_market_sell 100 food |
| 54:01 | Frank Drebin, Police Squad! · wall_segment Stone Wall x12 |
| 54:11 | LeandroPaul79 · wall_segment Stone Wall x7 |
| 55:05 | AleAnonMallo · tribute_sent a jugador 1 |
| 55:05 | AleAnonMallo · tribute_sent a jugador 3 |
| 55:05 | AleAnonMallo · tribute_sent a jugador 4 |
| 55:05 | AleAnonMallo · tribute_sent a jugador 5 |
| 55:05 | AleAnonMallo · tribute_sent a jugador 6 |
| 55:05 | AleAnonMallo · tribute_sent a jugador 7 |
| 55:05 | AleAnonMallo · tribute_sent a jugador 8 |
| 56:23 | Frank Drebin, Police Squad! · wall_segment Stone Wall x9 |
| 57:00 | Fat B · first_building Archery Range |
| 58:16 | GuilleLeopold17 · tribute_sent a jugador 1 |
| 58:16 | GuilleLeopold17 · tribute_sent a jugador 2 |
| 58:16 | GuilleLeopold17 · tribute_sent a jugador 3 |
| 58:16 | GuilleLeopold17 · tribute_sent a jugador 4 |
| 58:16 | GuilleLeopold17 · tribute_sent a jugador 5 |
| 58:16 | GuilleLeopold17 · tribute_sent a jugador 6 |
| 58:16 | GuilleLeopold17 · tribute_sent a jugador 7 |
| 60:00 | Frank Drebin, Police Squad! · wall_segment Palisade Wall x1 |
| 60:56 | t45zeus · age_up imperial |
| 61:07 | AleAnonMallo · age_up castle |
| 62:06 | Frank Drebin, Police Squad! · wall_segment Palisade Wall x1 |
| 62:07 | Frank Drebin, Police Squad! · wall_segment Palisade Wall x1 |
| 62:09 | Frank Drebin, Police Squad! · wall_segment Palisade Wall x1 |
| 62:13 | Frank Drebin, Police Squad! · wall_segment Palisade Wall x1 |
| 62:15 | Frank Drebin, Police Squad! · wall_segment Palisade Wall x1 |
| 62:23 | LeandroPaul79 · wall_segment Stone Wall x3 |
| 62:45 | Frank Drebin, Police Squad! · wall_segment Palisade Wall x1 |
| 62:48 | Frank Drebin, Police Squad! · wall_segment Palisade Wall x1 |
| 62:50 | Frank Drebin, Police Squad! · wall_segment Palisade Wall x1 |
| 62:52 | Frank Drebin, Police Squad! · wall_segment Palisade Wall x1 |
| 63:03 | Frank Drebin, Police Squad! · wall_segment Palisade Wall x1 |
| 63:05 | Frank Drebin, Police Squad! · wall_segment Palisade Wall x1 |
| 63:06 | Frank Drebin, Police Squad! · wall_segment Palisade Wall x1 |
| 63:07 | Frank Drebin, Police Squad! · wall_segment Palisade Wall x1 |
| 65:20 | Frank Drebin, Police Squad! · wall_segment Stone Wall x3 |
| 65:25 | Frank Drebin, Police Squad! · wall_segment Stone Wall x1 |
| 66:53 | Frank Drebin, Police Squad! · wall_segment Stone Wall x1 |
| 66:55 | Frank Drebin, Police Squad! · wall_segment Stone Wall x3 |
| 66:57 | Frank Drebin, Police Squad! · wall_segment Stone Wall x3 |
| 74:16 | t45zeus · resign |
[ AI ANALYSIS · 1 CREDIT ]
What really happened in this match?
Wolo.gg analyzes every decision: build order, eco, micro, common mistakes by bracket. Personalized analysis on WhatsApp or Discord in 30 seconds.
Civ guide
Spanish
Perfil
Jugador #2630148